 Dungeon Crawl Stone Soup version 0.20.1-1-g8b1a95d (webtiles) character file.

134258 fili the Slayer (level 16, -2/172 HPs)
             Began as a Minotaur Berserker on Sept 1, 2017.
             Was a High Priest of Trog.
             Slain by a ghost moth (9 damage)
             ... on level 4 of the Spider Nest on Sept 16, 2017.
             The game lasted 03:17:49 (36817 turns).

fili the Slayer (Minotaur Berserker)               Turns: 36817, Time: 03:17:49

Health: -2/172     AC: 24    Str: 28 (30) XL:     16   Next: 61%
Magic:  0/13       EV: 12    Int:  7      God:    Trog [*****.]
Gold:   2277       SH:  0    Dex:  7      Spells: 15/15 levels left

rFire    . . .     SeeInvis .   Z - +8 great mace "Xuhistoo" {distort, +Fly Str+3 Dex-5 Stlth+}
rCold    . . .     Gourm    .   (shield currently unavailable)
rNeg     + . .     Faith    .   B - +0 plate armour
rPois    .         Spirit   +   U - +0 hat {Int+3}
rElec    .         Reflect  .   f - scarf {repulsion}
rCorr    .         Harm     .   P - +2 pair of gloves
MR       ++...                  z - +1 pair of boots
Stlth    ..........             y - amulet of Beogh's Pride {Spirit MR+}
Regen    0.4/turn               A - +3 ring of protection
MPRegen  0.2/turn               n - ring of positive energy

@: confused, lethally poisoned (-2 -> -11), repel missiles
A: retaliatory headbutt, horns 2, low mp 1, sense surroundings 1, subdued magic
1
a: Berserk, Trog's Hand, Brothers in Arms, Burn Spellbooks, Renounce Religion,
Evoke Flight


You were on level 4 of the Spider Nest.
You worshipped Trog.
Trog was extremely pleased with you.
You were not hungry.

You visited 4 branches of the dungeon, and saw 26 of its levels.
You also visited: Bailey.

You collected 2489 gold pieces.
You spent 212 gold pieces at shops.

Inventory:

Hand Weapons
 a - the +4 war axe of Annihilation {freeze, Int+5}
   (You bought it in a shop on level 2 of the Orcish Mines)

   It has been specially enchanted to freeze those struck by it, causing extra
   injury to most foes and up to half again as much damage against particularly
   susceptible opponents.
   It can also slow down cold-blooded creatures.
   It affects your intelligence (+5).
 b - a +8 hand crossbow of velocity
 Z - the +8 great mace "Xuhistoo" (weapon) {distort, +Fly Str+3 Dex-5 Stlth+}
   (Trog gifted it to you on level 4 of the Spider Nest)

   It warps and distorts space around it.
   Unwielding it can cause banishment or high damage.
   It affects your strength (+3).
   It affects your dexterity (-5).
   It lets you fly.
   It makes you more stealthy.
Missiles
 k - 360 bolts
Armour
 f - a scarf of repulsion (worn)
 z - a +1 pair of boots (worn)
 B - a +0 plate armour (worn)
 P - a +2 pair of gloves (worn)
 U - a +0 hat of intelligence (worn)
Jewellery
 n - a ring of positive energy (right hand)
 y - the amulet of Beogh's Pride (around neck) {Spirit MR+}
   (You found it on level 6 of the Lair of Beasts)

   [amulet of guardian spirit]

   It causes incoming damage to be split between your health and magic.
   It affects your resistance to hostile enchantments.
 A - a +3 ring of protection (left hand)
Wands
 o - a wand of confusion (17/48)
 w - a wand of lightning (7/15)
 F - a wand of lightning (6/15)
 L - a wand of disintegration (2/24)
 N - a wand of acid (5/15)
 O - a wand of iceblast (8/15)
Scrolls
 g - 3 scrolls of recharging
 h - 2 scrolls of enchant armour
 i - 8 scrolls of remove curse
 s - 7 scrolls of teleportation
 G - 2 scrolls of amnesia
 K - 2 scrolls of immolation
 M - 7 scrolls of magic mapping
 T - 4 scrolls of fog
 X - a scroll of identify
Potions
 d - 2 potions of heal wounds
 e - a potion of berserk rage
 j - a potion of flight
 l - 4 potions of mutation
 q - 3 potions of haste
 u - 2 potions of brilliance
 x - 4 potions of agility
 D - a potion of invisibility
 H - 3 potions of curing
 J - 5 potions of might
 Q - 2 potions of ambrosia
 S - a potion of magic {unknown}
 V - a potion of cancellation
 W - a potion of lignification
Books
 C - a book of Frost

   Spells                             Type                      Level
   a - Freeze                         Ice                          1
   b - Throw Frost                    Conjuration/Ice              2
   c - Ozocubu's Armour               Charms/Ice                   3
   d - Throw Icicle                   Conjuration/Ice              4
   e - Summon Ice Beast               Ice/Summoning                4
   Trog disapproves of the use of such an item.
 I - a book of Frost

   Spells                             Type                      Level
   a - Freeze                         Ice                          1
   b - Throw Frost                    Conjuration/Ice              2
   c - Ozocubu's Armour               Charms/Ice                   3
   d - Throw Icicle                   Conjuration/Ice              4
   e - Summon Ice Beast               Ice/Summoning                4
   Trog disapproves of the use of such an item.
Miscellaneous
 m - a fan of gales (inert)
 E - a lightning rod (4/4)
 R - a sack of spiders
 Y - a fan of gales (inert)
Comestibles
 c - 7 bread rations
 p - 12 meat rations
 r - 7 fruits
 v - 21 royal jellies


   Skills:
 * Level 23.0 Fighting
 + Level 16.5 Axes
 - Level 8.0 Crossbows
 - Level 11.3 Armour
 - Level 12.8 Dodging


You had 15 spell levels left.
You didn't know any spells.

Dungeon Overview and Level Annotations

Branches:
Dungeon (14/15)            Temple (0/1) D:4            Lair (6/6) D:8
 Shoals (0/4) Lair:3       Spider (4/4) Lair:3        Slime (0/5) Lair:5
    Orc (2/2) D:9             Elf (0/3) Orc:2        Vaults (0/5) D:14

Altars:
Ashenzari
Fedhas
Gozag
Hepliaklqana
Makhleb
Okawaru
Qazlal
Sif Muna
Zin
The Shining One
Beogh
Jiyva

Shops:
D:7 *   D:8 (?[[%   D:13 [   Orc:2 *(?%

Annotations:
Lair:5 exclusion: oklob plant


Innate Abilities, Weirdness & Mutations

You reflexively headbutt those who attack you in melee.
You have a pair of horns on your head.
Your magical capacity is low. (-10% MP)
You passively map a small area around you.
Your spells are a little easier to cast, but a little less powerful.


Message History

The redback bites you.
* * * LOW HITPOINT WARNING * * *
Something hits you but does no damage. Something hits you.
* * * LOW HITPOINT WARNING * * *
You feel weakened. Something stings you.
* * * LOW HITPOINT WARNING * * *
The tarantella bites you!
* * * LOW HITPOINT WARNING * * *
The redback barely misses you.
You bump into the rock wall.
* * * LOW HITPOINT WARNING * * *
You feel sick.
The tarantella bites you but does no damage.
The redback barely misses you.
You feel you are being watched by something.
Something hits you.
* * * LOW HITPOINT WARNING * * *
Something hits you!
You die...

* ## ##*#.# ^##..#
######## ...#.#
###s#@#..### ...#.#
##..s.ss..#.### ....#
#.#s...##..#^.# ....#
####..#^s##^#.### ...##
##.#...#######...#
....####.#...^##..#^.#..#
.....^.s..#.###.#.....^##
....^....######...<..###
#..#..^...#^#.##......###


You could see 3 orb spiders, a tarantella and a redback.

Vanquished Creatures
  Rupert (D:12)
  Jorgrun (Spider:3)
  Frances (D:13)
  Gastronok (Lair:2)
  Donald (Spider:2)
  A ghost moth (Spider:4)
  2 emperor scorpions
  A stone giant (Orc:2)
  2 entropy weavers
  2 spark wasps
  Azrael (Orc:2)
  Snorg (D:11)
  11 hydras
  An ogre mage (D:14)
  A catoblepas (Lair:6)
  6 two-headed ogres
  A deep troll shaman (Lair:6)
  2 tengu warriors (D:14)
  6 death yaks
  6 orc high priests (Orc:2)
  Urug (D:12)
  Sonja (D:10)
  Nergalle (D:11)
  5 unseen horrors
  A swamp dragon (shapeshifter) (D:14)
  A deep elf archer (D:14)
  An orc knight (D:14)
  An ugly thing (D:11)
  18 wolf spiders
  10 orb spiders
  2 orc sorcerers (Orc:2)
  2 deep elf magi (D:14)
  4 cyclopes
  2 moths of wrath
  A manticore (Lair:3)
  9 elephants
  4 centaur zombies
  A black mamba (Lair:3)
  26 spiny frogs
  3 torpor snails
  2 gargoyles
  7 komodo dragons
  10 demonic crawlers
  4 yaktaurs (D:14)
  4 rime drakes
  23 jumping spiders
  A polar bear (Lair:6)
  4 trolls
  6 hornets
  A queen bee (D:11)
  12 hippogriffs
  A jumping spider zombie (Spider:4)
  13 blink frogs
  A spectral tarantella (Spider:4)
  A water elemental (D:14)
  A slime creature (D:5)
  20 tarantellas
  60 redbacks
  An air elemental (D:14)
  The ghost of kalagan the Caller, an amateur TeSu (D:4)
  2 vampires (D:13)
  3 wyverns
  3 wraiths
  35 yaks
  A steam dragon (D:8)
  4 basilisks
  3 hungry ghosts (D:13)
  3 wargs (Orc:2)
  A redback simulacrum (D:13)
  4 vampire mosquitoes (D:13)
  2 fire elementals
  12 water moccasins
  3 acid dragons
  A hell hound (Orc:1)
  19 orc warriors
  6 porcupines
  3 sky beasts
  The ghost of vatarom the Summoner, an amateur FeSu of Sif Muna (D:7)
  4 black bears
  A necrophage (D:14)
  An ice beast (D:10)
  13 ogres
  An eye of draining (D:11)
  9 wolves (Lair:6)
  8 centaurs
  2 phantoms (D:5)
  4 big kobolds
  11 crocodiles
  Blork the orc (D:5)
  An earth elemental (D:14)
  14 bullfrogs
  A water moccasin zombie (D:11)
  3 wyvern zombies
  4 scorpions
  16 wights
  22 killer bees
  4 howler monkeys
  8 crimson imps
  A quasit (D:13)
  5 hounds
  3 gnoll shamans
  36 orc priests
  3 bullfrog skeletons
  2 centaur skeletons
  7 jellies
  2 iguanas
  6 worker ants
  4 hell rats (Lair:3)
  12 orc wizards
  Terence (D:2)
  A hound zombie (D:8)
  A hound skeleton (D:7)
  A howler monkey zombie (D:8)
  Robin (D:2)
  23 gnolls
  20 adders
  3 shadow imps
  5 oozes (D:5)
  2 adder skeletons (D:7)
  An adder zombie (D:5)
  2 worms (D:2)
  5 dart slugs
  5 leopard geckos
  79 orcs
  9 bats
  5 giant cockroaches
  13 hobgoblins
  8 jackals (D:4)
  3 quokkas
  3 ball pythons
  5 frilled lizards
  16 goblins
  A jackal zombie (D:8)
  16 kobolds
  A leopard gecko zombie (D:8)
  8 rats
  6 fungi
  6 plants (Lair:2)
881 creatures vanquished.

Vanquished Creatures (collateral kills)
  A death yak (Lair:6)
  An orc high priest (Orc:2)
  A lindwurm (Lair:6)
  2 wolf spiders
  An orb spider (Spider:4)
  A spiny frog (Lair:4)
  A torpor snail (Spider:4)
  4 jumping spiders
  2 trolls
  2 hornets
  A hippogriff (Lair:6)
  A redback (Spider:2)
  3 tarantellas
  2 hell hounds (Orc:2)
  A water moccasin (Lair:6)
  An orc warrior (D:9)
  2 big kobolds (D:9)
  A gnoll sergeant (D:9)
  2 orc priests
  5 orcs
35 creatures vanquished.

Vanquished Creatures (others)
  31 fungi
  14 plants
  7 toadstools (D:5)
52 creatures vanquished.

Grand Total: 968 creatures vanquished

Notes
Turn   | Place    | Note
-------+----------+-------------------------------------------
     0 | D:1      | fili the Minotaur Berserker began the quest for the Orb.
     0 | D:1      | Reached XP level 1. HP: 19/19 MP: 0/0
   248 | D:1      | Reached skill level 4 in Fighting
   252 | D:1      | Reached XP level 2. HP: 23/27 MP: 1/1
   744 | D:1      | Reached XP level 3. HP: 33/34 MP: 2/2
  1409 | D:2      | Reached ** piety under Trog
  1463 | D:2      | Reached skill level 5 in Fighting
  1709 | D:2      | Reached XP level 4. HP: 42/42 MP: 3/3
  1764 | D:2      | Noticed Robin
  1776 | D:2      | Killed Robin
  1806 | D:2      | Reached skill level 5 in Axes
  1977 | D:2      | Noticed Terence
  1981 | D:2      | Killed Terence
  2328 | D:3      | Reached *** piety under Trog
  2376 | D:3      | Found a stormy altar of Qazlal.
  2388 | D:3      | Reached XP level 5. HP: 47/49 MP: 4/4
  3182 | D:4      | Reached skill level 6 in Fighting
  3268 | D:4      | Noticed kalagan's ghost (amateur TeSu)
  3336 | D:4      | Found a staircase to the Ecumenical Temple.
  3880 | D:4      | Reached XP level 6. HP: 23/57 MP: 5/5
  4406 | D:4      | Killed kalagan's ghost
  4406 | D:4      | Reached skill level 7 in Fighting
  4451 | D:5      | Entered Level 5 of the Dungeon
  4524 | D:5      | Noticed Blork the orc
  4530 | D:5      | Killed Blork the orc
  4530 | D:5      | Reached XP level 7. HP: 56/66 MP: 6/6
  4852 | D:5      | Reached skill level 8 in Fighting
  4888 | D:5      | Noticed a slime creature
  5180 | D:5      | Killed a slime creature
  5180 | D:5      | Reached XP level 8. HP: 42/77 MP: 7/7
  5393 | D:5      | Reached skill level 9 in Fighting
  5711 | D:6      | Reached **** piety under Trog
  5727 | D:5      | Reached skill level 10 in Axes
  5852 | D:5      | Gained mutation: Your spells are a little easier to cast, but a little less powerful. [mutagenic meat]
  5853 | D:5      | Gained mutation: Your magical capacity is low. (-10% MP) [mutagenic meat]
  5854 | D:5      | Gained mutation: You passively map a small area around you. [mutagenic meat]
  6004 | D:5      | Reached skill level 10 in Fighting
  6160 | D:6      | Reached XP level 9. HP: 53/85 MP: 7/7
  6385 | D:6      | Found an opulent altar of Gozag.
  6618 | D:7      | Found Imuxziwo's General Store.
  6731 | D:7      | Noticed vatarom's ghost (amateur FeSu)
  6742 | D:7      | Killed vatarom's ghost
  6768 | D:7      | Reached skill level 11 in Fighting
  7284 | D:8      | Found Qoedoseu's Magic Scroll Emporium.
  7327 | D:8      | Found Ukhos's Antique Armour Emporium.
  7384 | D:8      | Found Beifreac's Armour Boutique.
  7399 | D:8      | Found a glowing golden altar of the Shining One.
  7554 | D:8      | Found Yris's Antique Weapon Boutique.
  7708 | D:8      | Found a stormy altar of Qazlal.
  7708 | D:8      | Found a hazy altar of Hepliaklqana.
  7728 | D:8      | Found a staircase to the Lair.
  7729 | D:8      | Noticed a komodo dragon
  7907 | D:8      | Found Geluhasa's Food Boutique.
  7966 | D:8      | Found an iron altar of Okawaru.
  8087 | D:9      | Noticed a two-headed ogre
  8092 | D:9      | Reached skill level 12 in Fighting
  8099 | D:9      | Killed a two-headed ogre
  8099 | D:9      | Reached XP level 10. HP: 13/99 MP: 8/8
  8678 | D:9      | Found a shattered altar of Ashenzari.
  8687 | D:9      | Killed an unseen horror
  8823 | D:9      | Found a deep blue altar of Sif Muna.
  8966 | D:9      | Found a staircase to the Orcish Mines.
  8970 | D:9      | Reached skill level 13 in Fighting
  9430 | D:10     | Entered Level 10 of the Dungeon
  9588 | D:10     | Killed an unseen horror
  9620 | D:10     | Reached ***** piety under Trog
  9676 | D:10     | Noticed Sonja
  9825 | Orc:1    | Entered Level 1 of the Orcish Mines
 10026 | Lair:1   | Entered Level 1 of the Lair of Beasts
 10608 | Lair:2   | Reached XP level 11. HP: 71/108 MP: 8/8
 10609 | Lair:2   | Reached skill level 14 in Fighting
 11337 | Lair:2   | Noticed a four-headed hydra
 11666 | Lair:2   | Killed a four-headed hydra
 11838 | Lair:2   | Noticed Gastronok
 11891 | Lair:1   | Reached skill level 15 in Axes
 11904 | Lair:2   | Killed Gastronok
 11904 | Lair:2   | Reached skill level 15 in Fighting
 12399 | Lair:3   | Noticed an eight-headed hydra
 12407 | Lair:3   | Killed an eight-headed hydra
 13054 | Lair:3   | Reached XP level 12. HP: 110/122 MP: 9/9
 13255 | Lair:3   | Reached skill level 16 in Fighting
 13534 | Lair:3   | Found a burning altar of Makhleb.
 13550 | Lair:3   | Found a staircase to the Shoals.
 13559 | Lair:3   | Reached skill level 1 in Crossbows
 13871 | Lair:3   | Found a hole to the Spider Nest.
 14643 | Lair:4   | Reached skill level 5 in Crossbows
 14957 | Lair:4   | Got a pitted mace
 14958 | Lair:4   | Identified the +3 mace of Xuffomam {venom, +Inv +Fly MP+9 Str+4} (You found it on level 4 of the Lair of Beasts)
 15046 | Lair:4   | Reached skill level 17 in Fighting
 15053 | Lair:4   | HP: 6/125 [poisoned by a spiny frog]
 15053 | Lair:4   | Noticed a six-headed hydra
 15319 | Lair:3   | Noticed an eight-headed hydra
 15329 | Lair:3   | Killed an eight-headed hydra
 15329 | Lair:3   | Received a gift from Trog
 15672 | Lair:4   | Killed a six-headed hydra
 16401 | Lair:5   | Found a viscous altar of Jiyva.
 16407 | Lair:5   | Found a staircase to the Slime Pits.
 16445 | Lair:5   | Noticed a seven-headed hydra
 16456 | Lair:5   | Reached XP level 13. HP: 87/133 MP: 10/10
 16991 | Lair:5   | Received a gift from Trog
 17220 | Lair:5   | Found a glowing silver altar of Zin.
 17326 | Lair:6   | Entered Level 6 of the Lair of Beasts
 17444 | Lair:6   | Reached skill level 18 in Fighting
 17916 | Lair:6   | Reached skill level 5 in Dodging
 19404 | Lair:6   | Reached skill level 19 in Fighting
 19741 | Lair:6   | Reached XP level 14. HP: 146/146 MP: 11/11
 20260 | Lair:6   | Got a pitted jade amulet
 20275 | Lair:6   | Identified the amulet of Beogh's Pride {Spirit MR+} (You found it on level 6 of the Lair of Beasts)
 20533 | Orc:2    | Entered Level 2 of the Orcish Mines
 20705 | Orc:2    | Received a gift from Trog
 20851 | Orc:2    | Noticed a stone giant
 20873 | Orc:2    | Killed a stone giant
 21007 | Orc:2    | Found a staircase to the Elven Halls.
 21251 | Orc:2    | Found Dupsankupt's Magic Scroll Boutique.
 21291 | Orc:2    | Found Zylixaum's Food Emporium.
 21704 | Orc:1    | Received a gift from Trog
 21858 | Orc:2    | Noticed Azrael
 21873 | Orc:2    | Killed Azrael
 22681 | Orc:2    | Reached skill level 5 in Armour
 22711 | Orc:2    | Found a roughly hewn altar of Beogh.
 22896 | Orc:2    | Found Syunaol's Assorted Antiques.
 22896 | Orc:2    | Found Subleoxu's Antique Weapon Emporium.
 22910 | Orc:2    | Bought a brightly glowing war axe for 212 gold pieces
 22910 | Orc:2    | Identified the +4 war axe of Annihilation {freeze, Int+5} (You bought it in a shop on level 2 of the Orcish Mines)
 23455 | D:10     | Killed Sonja
 24115 | D:10     | Found a blossoming altar of Fedhas.
 24208 | D:10     | Reached skill level 20 in Fighting
 24515 | D:11     | Found a flagged portal.
 24527 | Bailey   | Entered a bailey
 24586 | Bailey   | Found an iron altar of Okawaru.
 25413 | D:11     | Noticed Nergalle
 25434 | D:11     | Killed Nergalle
 25434 | D:11     | Reached skill level 10 in Dodging
 25459 | D:11     | Noticed Snorg
 25484 | D:11     | Killed Snorg
 26001 | D:12     | Noticed Rupert
 26002 | D:12     | Paralysed by Rupert for 7 turns
 26591 | D:12     | Killed Rupert
 26658 | D:12     | Noticed Urug
 26676 | D:12     | Killed Urug
 27242 | D:13     | Found Xoanaup's Antique Armour Emporium.
 27282 | D:13     | Noticed Frances
 27557 | D:13     | Received a gift from Trog
 28015 | D:13     | Reached XP level 15. HP: 157/157 MP: 12/12
 28127 | D:13     | Killed Frances
 28726 | D:14     | Reached skill level 21 in Fighting
 29072 | D:14     | Found a large runed door.
 29072 | D:14     | Found a large runed door.
 29412 | D:14     | Received a gift from Trog
 30008 | D:14     | Found a gate to the Vaults.
 30360 | D:11     | Received a gift from Trog
 30519 | Spider:1 | Entered Level 1 of the Spider Nest
 30980 | Spider:1 | Received a gift from Trog
 32489 | Spider:2 | Reached skill level 10 in Armour
 33150 | Spider:2 | Noticed Donald
 33174 | Spider:2 | Killed Donald
 33174 | Spider:2 | Reached skill level 22 in Fighting
 33415 | Spider:2 | Reached XP level 16. HP: 121/169 MP: 13/13
 33602 | Spider:2 | Received a gift from Trog
 34676 | Spider:3 | Received a gift from Trog
 34924 | Spider:3 | Noticed Jorgrun
 34934 | Spider:3 | Killed Jorgrun
 35471 | Spider:4 | Entered Level 4 of the Spider Nest
 35973 | Spider:4 | Received a gift from Trog
 35991 | Spider:4 | Got a steaming great mace {god gift}
 35992 | Spider:4 | Identified the +8 great mace "Xuhistoo" {distort, +Fly Str+3 Dex-5 Stlth+} (Trog gifted it to you on level 4 of the Spider Nest)
 36016 | Spider:4 | Paralysed by a hornet for 2 turns
 36027 | Spider:4 | Paralysed by a hornet for 1 turns
 36216 | Spider:4 | Reached skill level 23 in Fighting
 36817 | Spider:4 | HP: 7/172 [something (3)]
 36817 | Spider:4 | Slain by a ghost moth

Skill      XL: |  1  2  3  4  5  6  7  8  9 10 11 12 13 14 15 16 |
---------------+-------------------------------------------------+-----
Fighting       | 4 5 6 7 8 10 12 13 15 17 19 20 22 23 | 23.0
Axes           | 4 5 6 7 9 10 12 14 16 | 16.5
Crossbows      | 7 8 |  8.0
Dodging        | 8 10 12 | 12.8
Armour         | 7 10 11 | 11.3

Action                   |  1- 3 |  4- 6 |  7- 9 | 10-12 | 13-15 | 16-18 || total
-------------------------+-------+-------+-------+-------+-------+-------++-------
Melee: Hand axe          |    90 |   152 |       |       |       |       ||   242
       Headbutt          |     8 |    32 |    58 |    87 |   260 |    64 ||   509
       Battleaxe         |       |       |   266 |   337 |   365 |       ||   968
       Morningstar       |       |       |       |    10 |       |       ||    10
       Mace              |       |       |       |    13 |    33 |       ||    46
       War axe           |       |       |       |       |   689 |   207 ||   896
       Great mace        |       |       |       |       |       |    48 ||    48
 Fire: Hand crossbow     |       |       |    15 |   100 |   395 |    65 ||   575
       Arbalest          |       |       |       |       |    29 |       ||    29
Throw: Tomahawk          |       |       |     7 |       |       |       ||     7
Invok: Berserk           |     1 |     2 |     2 |     4 |     5 |       ||    14
       Trog's Hand       |       |     2 |     1 |     6 |    11 |     3 ||    23
       Brothers in Arms  |       |       |       |     4 |     9 |     5 ||    18
       Burn Spellbooks   |       |       |       |       |     1 |       ||     1
Evoke: Fan of gales      |       |       |       |       |     1 |     2 ||     3
       Sack of spiders   |       |       |       |       |     1 |       ||     1
  Use: Scroll            |       |     6 |       |     9 |    11 |       ||    26
       Potion            |       |       |       |     6 |     5 |     4 ||    15
 Stab: Sleeping          |     1 |       |       |       |       |       ||     1
       Petrified         |       |       |       |       |     2 |       ||     2
       Petrifying        |       |       |       |       |     1 |       ||     1
  Eat: Chunk             |     3 |    12 |    13 |    23 |    51 |     2 ||   104
       Bread ration      |       |       |     1 |     2 |       |     1 ||     4
       Fruit             |       |       |       |     1 |     9 |    10 ||    20
       Royal jelly       |       |       |       |       |     4 |       ||     4
Armor: Animal skin       |     2 |       |       |       |       |       ||     2
       Ring mail         |    14 |    22 |       |       |       |       ||    36
       Scale mail        |       |    51 |   131 |    20 |       |       ||   202
       Plate armour      |       |       |       |   321 |   775 |   354 ||  1450
Dodge: Dodged            |    60 |   106 |   138 |   161 |   567 |   296 ||  1328
       Deflected         |     1 |     7 |       |     5 |    54 |       ||    67
Block: Buckler           |       |     1 |       |       |       |       ||     1
